 Dungeon Crawl Stone Soup version 0.32-a0-473-gd044c6f (webtiles) character file.

Game seed: 12810996501465566681

29 Remcycle the Shield-Bearer (level 3, -1/36 HPs)
             Began as a Troll Fighter on Feb 25, 2024.
             Slain by a gnoll
             ... wielding a +0 halberd
              (12 damage)
             ... on level 2 of the Dungeon.
             The game lasted 00:01:49 (819 turns).

Remcycle the Shield-Bearer (Troll Fighter)           Turns: 819, Time: 00:01:51

Health: -1/36      AC:  4    Str: 26    XL:     3   Next: 1%
Magic:  2/2        EV:  8    Int:  4    God:
Gold:   93         SH:  7    Dex:  9    Spells: 2/2 levels left

rFire   . .          .
                       - Unarmed
rCold   . . .        c - +0 kite shield
rNeg    . . .        b - +0 robe
rPois   .            (helmet restricted)
rElec   .            (no cloak)
rCorr   .            (gloves unavailable)
SInv    .            (boots unavailable)
Will    .....        (no amulet)
Stlth   +            (no ring)
HPRegen 1.06/turn    (no ring)
MPRegen 0.08/turn

%: no passive effects
@: no status effects
A: large, unfitting armour, claws 3, regeneration 1, shaggy fur 1, tough skin 1
a: no special abilities


You were on level 2 of the Dungeon.
You visited 1 branch of the dungeon, and saw 2 of its levels.

You collected 93 gold pieces.

Inventory:

Hand Weapons
 a - a +0 flail
Armour
 b - a +0 robe (worn)
 c - a +0 kite shield (worn)
Scrolls
 e - a scroll of immolation {unknown}
 f - a scroll of identify {unknown}
 g - a scroll of amnesia {unknown}
Potions
 d - a potion of might
 h - a potion of cancellation {unknown}


   Skills:
 - Level 2.4 Fighting
 + Level 2.2 Maces & Flails
 - Level 2.4 Dodging
 + Level 3.0 Shields
 * Level 1.8 Unarmed Combat


You had 2 spell levels left.
You didn't know any spells.
Your spell library was empty.

Dungeon Overview and Level Annotations

Branches:
Dungeon (2/15)

Altars:


Innate Abilities, Weirdness & Mutations

You are too large for most types of armour.
You have claws for hands.
Your natural rate of healing is unusually fast.
You are covered in fur. (AC +1)
You have tough skin. (AC +1)


Message History

You claw the ball python!
You kill the ball python!
You have reached level 3!
Your experience leads to an increase in your attributes!
Increase (S)trength, (I)ntelligence, or (D)exterity?
You feel stronger. x3
HP restored.
You now have 93 gold pieces (gained 10).
A gnoll comes into view. It is wielding a +0 halberd.
A gnoll comes into view.
It is wielding a +0 halberd of flaming and quivering a throwing net.
The gnoll shouts!
You hear a shout!
The gnoll throws a throwing net.
The throwing net hits you.
You become entangled in the net!
You see here a throwing net.
You are held in a net!
You are held in a net!
You are held in a net!
You are held in a net!
You are held in a net!
You tear a large gash into the net.
A gnoll comes into view. It is wielding a +0 club.
A gnoll comes into view.
It is wielding a +2 flail of protection.
You struggle against the net.
You struggle against the net.
You shred the net and break free!
The gnoll hits you from afar with a +0 halberd!
You block the gnoll's attack. The gnoll closely misses you.
You barely miss the gnoll. The gnoll completely misses you.
The gnoll hits you from afar with a +0 halberd of flaming.
The gnoll burns you.
You scratch the gnoll.
The gnoll is moderately wounded.
You block the gnoll's attack. The gnoll hits you with a +0 club.
You scratch the gnoll.
The gnoll is almost dead.
The gnoll hits you with a +0 halberd! The gnoll barely misses you.
The gnoll completely misses you.
The gnoll hits you with a +2 flail of protection.
The gnoll hits you with a +0 halberd!
You die...

#...# #...#
..#########...#
#.............#
####...#...# #.###...#
###.# #...######
##.#.####...# ##........
#.....g@..### #........
.....ggg########........
....###.................
#.. ##########.†...... #
####........
#...........
####.##########
########...<.....#
#........##......#


You could see 4 gnolls.

Vanquished Creatures
  2 dart slugs
  An endoplasm (D:1)
  3 giant cockroaches (D:1)
  2 goblins (D:1)
  A hobgoblin (D:1)
  2 kobolds (D:1)
  A quokka (D:1)
  4 ball pythons
  5 bats (D:1)
  2 frilled lizards (D:1)
  2 rats (D:1)
25 creatures vanquished.

Notes
Turn   | Place    | Note
-------+----------+-------------------------------------------
     0 | D:1      | Remcycle the Troll Fighter began the quest for the Orb.
     0 | D:1      | Reached XP level 1. HP: 22/22 MP: 0/0
   141 | D:1      | Reached skill level 1 in Unarmed Combat
   156 | D:1      | Reached XP level 2. HP: 25/29 MP: 1/1
   598 | D:1      | Reached skill level 3 in Shields
   791 | D:2      | Reached XP level 3. HP: 34/36 MP: 2/2
   819 | D:2      | Slain by a gnoll

Illustrated notes

Levels and vault maps discovered:
D:1:      amcnicky_arrival_choice, layout_basic
D:2:      wad_lake_hut, layout_rooms, serial_shops, shop

Skill      XL: |  1  2 |
---------------+-------+-----
Maces & Flails | 2 |  2.2
Unarmed Combat | 1 |  1.8
Shields        | 3 |  3.0
Fighting       | |  2.4
Dodging        | |  2.4

Action                     || total
---------------------------++-------
  Melee: Unarmed           ||    72
 Armour: Robe              ||    51
  Dodge: Dodged            ||    23
  Block: Kite shield       ||    28

Table legend: (Time is in decaauts)
 A = Elapsed time spent in this place.
 B = Non-inter-level travel time spent in this place.
 C = Inter-level travel time spent in this place.
 D = Time resting spent in this place.
 E = Time spent auto-exploring this place.
 F = Levels seen in this place.
 G = Mean time per level.
                   A        B        C        D        E       F      G
               +--------+--------+--------+--------+--------+-----+--------+
         Total |    825 |    797 |     28 |      0 |    636 |   2 |  412.5 |
       Dungeon |    825 |    797 |     28 |      0 |    636 |   2 |  412.5 |
               +--------+--------+--------+--------+--------+-----+--------+

Top non-repeatable levels by time:
     D:1: 725 daAuts
     D:2: 99 daAuts
